 Dungeon Crawl Stone Soup version 0.32-a0-433-g08bcfe7efd (webtiles) character file.

Game seed: 1209144836950539855

51 ezpacito the Trooper (level 3, -1/43 HPs)
             Began as a Demonspawn Chaos Knight on Feb 22, 2024.
             Was a Plaything of Xom.
             Killed by divine providence
             ... invoked by an orc priest
              (10 damage)
             ... on level 3 of the Dungeon.
             The game lasted 00:02:37 (1522 turns).

ezpacito the Trooper (Demonspawn Chaos Knight)      Turns: 1522, Time: 00:02:37

Health: -1/43      AC: 25    Str: 14    XL:     3   Next: 58%
Magic:  3/3        EV:  2    Int: 12    God:    Xom [..*...]
Gold:   82         SH:  0    Dex: 12    Spells: 2/2 levels left

rFire   . . .        a - +1 hand axe (chaos)
rCold   . . .        (no shield)
rNeg    . . .        g - melded +0 scale mail
rPois   +            e - melded +2 helmet
rElec   .            h - melded +0 cloak
rCorr   .            l - melded +0 pair of gloves
SInv    .            (boots currently unavailable)
Will    .....        (no amulet)
Stlth   +            t - +4 ring of protection
HPRegen 0.27/turn    (no ring)
MPRegen 0.08/turn

%: no passive effects
@: brilliant, tree-form
A: stationary, stasis, torment immunity, boosted hp, (sharp scales 1)
a: Renounce Religion


You were on level 3 of the Dungeon.
You worshipped Xom.
You were a toy of Xom.
You were a tree.
You visited 1 branch of the dungeon, and saw 3 of its levels.

You collected 82 gold pieces.

Inventory:

Hand Weapons
 a - a +1 hand axe of chaos (weapon)
Missiles
 m - 12 javelins (quivered)
 p - 5 poisoned darts
Armour
 e - a +2 helmet (melded)
 g - a +0 scale mail (melded)
 h - a +0 cloak (melded)
 l - a +0 pair of gloves (melded)
 o - a +0 chain mail
Magical Staves
 q - a staff of death
Jewellery
 t - a +4 ring of protection (left branch)
Scrolls
 c - 2 scrolls of butterflies
 j - a scroll of noise
 s - a scroll of revelation {unknown}
 u - a scroll of blinking {unknown}
 v - a scroll of amnesia


   Skills:
 * Level 3.2 Fighting
 * Level 3.0 Axes
 + Level 0.0 Staves
 + Level 0.1 Throwing
 * Level 2.3 Armour
 * Level 1.1 Dodging
 + Level 0.3 Stealth
 * Level 1.1 Unarmed Combat
 * Level 0.3 Spellcasting
 * Level 0.0 Necromancy
 + Level 0.1 Evocations


You had 2 spell levels left.
You didn't know any spells.
Your spell library contained the following spells:

 Spells                   Type           Power      Damage    Failure   Level
 Magic Dart               Conj           0%         1d3       32%         1
 Blink                    Tloc           0%         N/A       45%         2
 Call Imp                 Summ           0%         N/A       45%         2


Dungeon Overview and Level Annotations

Branches:
Dungeon (3/15)

Altars:


Innate Abilities, Weirdness & Mutations

You are a tree.
Your roots penetrate the ground, keeping you stationary.
You cannot be teleported.
You are immune to unholy pain and torment.
Your maximum health is greatly increased.
Your equipment is partially melded.
((You are partially covered in razor-sharp scales. (AC +1, Slay +1)))


Message History

An orc comes into view. It is wielding a +0 hand axe.
You hit the orc priest.
The orc priest seems to speed up.
The orc priest is severely wounded.
The orc priest mumbles some strange prayers to Beogh against you.
Beogh smites you!
The orc priest hits you with a +0 mace of holy wrath.
You convulse.
You are too injured to fight recklessly!
You are too injured to fight recklessly!
You are too injured to fight recklessly!
You are too injured to fight recklessly!
You are too injured to fight recklessly!
Unknown command.
It was a potion of brilliance.
You feel clever all of a sudden.
The orc priest hits you but does no damage.
The orc priest barely misses you.
It was a potion of lignification.
You turn into a tree.
Your +0 cloak melds into your body.
Your +2 helmet melds into your body.
Your +0 pair of gloves melds into your body.
Your +0 scale mail melds into your body.
Your roots penetrate the ground.
Xom thinks this is hilarious!
The orc priest looks satisfied for a moment.
You closely miss the orc priest.
The orc priest is severely wounded.
The orc priest hits you but does no damage. x2
You hit the orc priest.
The orc priest suddenly seems more resistant.
The orc priest is almost dead.
The orc priest calls down the wrath of Beogh upon you.
Beogh smites you!
* * * LOW HITPOINT WARNING * * *
A shower of butterflies erupts from you!
You hit the orc priest but do no damage.
The orc priest is almost dead.
The orc priest calls down the wrath of Beogh upon you.
Beogh smites you!
You die...
Xom cackles wildly!

####.## #..#
#.....###..######
#>#..............
#.....###....#+#
##.#..<....###
#.#b....### #
#.###.+ #b# ###
#♣# #o# #o# #o#


#oo ### You could see 2 orc priests and 3 orcs.

Vanquished Creatures
  An adder (D:2)
  A ribbon worm (D:2)
  A dart slug (D:2)
  4 endoplasms
  A giant cockroach (D:1)
  5 goblins
  2 hobgoblins (D:1)
  2 kobolds (D:2)
  4 quokkas
  6 ball pythons
  4 bats
  5 rats
36 creatures vanquished.

Notes
Turn   | Place    | Note
-------+----------+-------------------------------------------
     0 | D:1      | ezpacito the Demonspawn Chaos Knight began the quest for
                  | the Orb.
     0 | D:1      | Reached XP level 1. HP: 18/18 MP: 1/1
    62 | D:1      | Reached skill level 1 in Dodging
   141 | D:1      | XOM: silly message
   156 | D:1      | Gained mutation: You are partially covered in razor-sharp
                  | scales. (AC +1, Slay +1) [demonic ancestry]
   156 | D:1      | Reached XP level 2. HP: 20/24 MP: 2/2
   589 | D:2      | Reached XP level 3. HP: 29/29 MP: 3/3
   878 | D:2      | Reached skill level 1 in Unarmed Combat
  1128 | D:2      | XOM: noise
  1203 | D:2      | XOM: cloud trail
  1521 | D:3      | XOM: butterfly on damage
  1522 | D:3      | Killed from afar by an orc priest

Illustrated notes

Levels and vault maps discovered:
D:1:      lemuel_arrival_cross, layout_basic, minmay_small_reverse_x
D:2:      minmay_wonky_spiral, layout_basic
D:3:      layout_loops_ring, serial_shops, nicolae_shop_rolling_square,
          gammafunk_ghost_abyssal_escape, chequers_serial_rivers_marsh

Skill      XL: |  1  2  3 |
---------------+----------+-----
Dodging        | 1 |  1.1
Armour         | 2 |  2.3
Axes           | 3 |  3.0
Unarmed Combat | 1 |  1.1
Fighting       | |  3.2
Throwing       | |  0.1
Stealth        | |  0.3
Spellcasting   | |  0.3
Evocations     | |  0.1

Action                     || total
---------------------------++-------
  Melee: Hand axe          ||    82
    Use: Scroll            ||     6
         Potion            ||     2
   Stab: Confused          ||     1
         Paralysed         ||     1
 Armour: Leather armour    ||    18
         Scale mail        ||    36
         Skin              ||     2
  Dodge: Dodged            ||    35

Table legend: (Time is in decaauts)
 A = Elapsed time spent in this place.
 B = Non-inter-level travel time spent in this place.
 C = Inter-level travel time spent in this place.
 D = Time resting spent in this place.
 E = Time spent auto-exploring this place.
 F = Levels seen in this place.
 G = Mean time per level.
                   A        B        C        D        E       F      G
               +--------+--------+--------+--------+--------+-----+--------+
         Total |   1533 |   1469 |     64 |      0 |   1165 |   3 |  511.0 |
       Dungeon |   1533 |   1469 |     64 |      0 |   1165 |   3 |  511.0 |
               +--------+--------+--------+--------+--------+-----+--------+

Top non-repeatable levels by time:
     D:2: 952 daAuts
     D:1: 551 daAuts
     D:3: 28 daAuts
